London Knights vs Boisbriand Armada

Created - 30 octobre 2019 at 19:57

Goals
1 2 3 T
London Knights 1 4 3 8
Boisbriand Armada 1 3 1 5
Shots
1 2 3 T
London Knights 17 9 11 37
Boisbriand Armada 19 15 11 45

1st period

1. London Knights , Jayson Megna 11 (Filip Zadina 13, Justin Kloos 13) at 11:52 (PP)
2. Boisbriand Armada , Maxime Comtois 1 (Jarred Tinordi 5, Ethan Bear 2) at 15:33

Penalties :
John Gilmour (ARM) for Roughing (Minor) at 6:39, Jeremy Lauzon (ARM) for Slashing (Minor) at 11:43, Dylan McIlrath (KNI) for Interference (Minor) at 16:59

2nd period

3. London Knights , John Hayden 4 (Jack Rodewald 5, Kristian Vesalainen 7) at 8:05
4. London Knights , Justin Kloos 8 (Filip Zadina 14) at 8:16
5. Boisbriand Armada , Taylor Raddysh 7 (Adam Erne 6) at 8:25
6. London Knights , John Hayden 5 (Kristian Vesalainen 8, Jack Rodewald 6) at 10:54
7. Boisbriand Armada , Taylor Raddysh 8 (Mathieu Joseph 7, Chris Wideman 5) at 15:21 (PP)
8. London Knights , Justin Kloos 9 (Dylan McIlrath 2, Jayson Megna 14) at 15:55 (PP)
9. Boisbriand Armada , Alexandre Fortin 2 (John Gilmour 6, Julien Gauthier 2) at 17:54

Penalties :
Alex Barre-Boulet (ARM) for Fighting (Major) at 3:34, Kieffer Bellows (KNI) for Fighting (Major) at 3:34, John Gilmour (ARM) for Hooking (Minor) at 12:34, Lucas Carlsson (KNI) for Hooking (Minor) at 15:14, Chris Wideman (ARM) for Roughing (Minor) at 15:43

3rd period

10. London Knights , Tyler Wotherspoon 1 (Filip Zadina 15, Dylan McIlrath 3) at 0:45 (PP)
11. London Knights , Filip Zadina 8 (Rasmus Sandin 3) at 15:31 (SH)
12. Boisbriand Armada , Maxime Comtois 2 (Jeremy Lauzon 4, Otto Koivula 3) at 17:24
13. London Knights , Nicolas Aube-Kubel 4 (Matt Fonteyne 1) at 18:20

Penalties :
Chris Wideman (ARM) for Tripping (Minor) at 0:15, Rasmus Sandin (KNI) for Hooking (Minor) at 3:49, Colby Williams (KNI) for Hooking (Minor) at 8:10, Kieffer Bellows (KNI) for Hooking (Minor) at 14:16

Goalie Stats

Unknown Goalie (KNI), 40 saves from 45 shots - (0,889), W, 1-0-0, 60:00 minutes
Collin Delia (ARM), 22 saves from 28 shots - (0,786), L, 4-4-1, 40:45 minutes
Unknown Goalie (ARM), 7 saves from 9 shots - (0,778), 19:15 minutes

Players Stats for London Knights

Player Name              G  A  P  +/- PIM S  H  SB GA TA FO     MP     PP MP  PK MP  
------------------------------------------------------------------------------------
Colby Williams           0  0  0   1  2   2  2  0  0  0  0/0    11:44   0:00   0:17 
Dylan McIlrath           0  2  2  -1  2   0  4  4  0  1  0/0    27:25   3:22   3:25 
Filip Zadina             1  3  4   0  0   6  1  1  2  0  0/2    21:06   3:01   2:25 
Hunter Warner            0  0  0   1  0   0  1  0  0  0  0/0    12:11   0:00   1:31 
Jack Rodewald            0  2  2   2  0   1  2  1  0  1  0/0    17:56   1:48   2:25 
Jayson Megna             1  1  2   0  0   7  2  1  1  0  19/43  21:26   2:56   3:56 
John Hayden              2  0  2   2  0   5  1  0  0  0  3/9    14:20   1:48   0:00 
Justin Kloos             2  1  3   0  0   6  1  0  1  0  1/2    21:45   3:01   4:12 
Keegan Kolesar           0  0  0  -1  0   0  2  0  0  0  0/0    10:55   0:00   1:52 
Kieffer Bellows          0  0  0  -2  7   0  0  0  0  0  1/1     9:11   0:00   0:00 
Kristian Vesalainen      0  2  2   2  0   1  3  2  1  0  0/0    14:20   1:48   0:00 
Lucas Carlsson           0  0  0   1  2   1  1  4  0  2  0/0    20:53   1:27   3:53 
Manuel Wiederer          0  0  0   0  0   3  0  0  0  0  1/4     9:28   0:00   0:00 
Matt Fonteyne            0  1  1   0  0   0  0  0  0  0  0/0     9:28   0:00   0:00 
Nicolas Aube-Kubel       1  0  1   0  0   3  1  1  0  0  0/0     9:28   0:00   0:00 
Rasmus Sandin            0  1  1   1  2   1  2  3  0  1  0/0    19:44   1:27   2:50 
Sheldon Dries            0  0  0  -1  0   0  1  0  1  0  2/4     9:33   0:00   0:10 
Skyler McKenzie          0  0  0   0  0   0  0  0  0  0  0/0     2:32   0:05   1:06 
Tyler Wotherspoon        1  0  1  -1  0   1  1  1  1  3  0/0    28:26   3:22   4:10 

Players Stats for Boisbriand Armada

Player Name              G  A  P  +/- PIM S  H  SB GA TA FO     MP     PP MP  PK MP  
------------------------------------------------------------------------------------
Adam Erne                0  1  1  -1  0   0  2  0  1  0  2/3    18:54   4:15   1:18 
Alex Barre-Boulet        0  0  0   0  5   4  3  1  1  0  7/9    17:23   3:38   0:00 
Alexandre Fortin         1  0  1   0  0   4  1  0  2  0  0/0    13:07   0:08   0:00 
Anthony Richard          0  0  0   0  0   3  0  0  0  1  4/6    12:59   0:00   0:00 
Charles Hudon            0  0  0   0  0   0  0  0  0  0  0/0     5:19   0:00   0:00 
Chris Wideman            0  1  1   0  4   2  0  1  0  0  0/0    25:55   5:18   2:31 
Ethan Bear               0  1  1   1  0   1  1  2  0  2  0/0    15:24   0:00   3:04 
Haydn Fleury             0  0  0  -2  0   1  1  0  0  0  0/0    21:10   2:45   1:36 
Jarred Tinordi           0  1  1   1  0   2  0  1  0  0  0/0    12:11   0:00   0:00 
Jeremy Lauzon            0  1  1  -2  2   1  1  1  0  1  0/0    21:09   2:45   1:36 
John Gilmour             0  1  1   0  4   2  1  1  0  0  0/0    24:16   5:18   0:51 
Julien Gauthier          0  1  1  -1  0   2  1  2  0  0  1/1    13:50   0:00   0:29 
Mathieu Joseph           0  1  1   0  0   5  1  1  3  2  4/14   24:39   4:09   3:02 
Max Jones                0  0  0   0  0   0  0  0  0  0  0/1     3:39   0:18   0:29 
Maxime Comtois           2  0  2   0  0   9  1  1  1  0  0/2    22:00   3:38   3:02 
Otto Koivula             0  1  1   0  0   5  0  0  0  0  1/1    18:47   3:38   0:00 
Samuel Blais             0  0  0   0  0   1  0  0  0  0  0/0     5:19   0:00   0:00 
Taylor Raddysh           2  0  2  -1  0   3  3  0  0  1  19/28  19:04   4:25   1:18 

3 Stars

1 - Filip Zadina (KNI)
2 - John Hayden (KNI)
3 - Justin Kloos (KNI)

Power Play

London Knights - 3 on 5 Attempt(s) - 60,00%
Boisbriand Armada - 1 on 5 Attempt(s) - 20,00%

Penalty Kill

London Knights - 4 on 5 Attempt(s) - 80,00% - Score 1 goal in Penalty Kill
Boisbriand Armada - 2 on 5 Attempt(s) - 40,00% - Score 0 goal in Penalty Kill

Team Stat

London Knights - Hits : 25 - Faceoff Wins : 27 - Blocked Shots : 18 - Penalty Minutes : 15
Boisbriand Armada - Hits : 16 - Faceoff Wins : 38 - Blocked Shots : 11 - Penalty Minutes : 15

Official

Referees : Greg Kimmerly and Chris Rooney
Linesman : Kiel Murchison and Brandon Gawryletz

Game Notes

Kieffer Bellows beats up Alex Barre-Boulet at 3:34 of 2nd period
Unknown Goalie enters game at 0:45 of 3rd period

Finance

Level 1 -- Attendance: 1639 (81,95%) -- Ticket Income 57 365 $
Level 2 -- Attendance: 787 (78,70%) -- Ticket Income 11 805 $
Total Attendance: 2426 (80,87%)
Total Ticket Income: 69 170 $
Other Income: 33 893 $
Total Income: 103 063 $

London Knights

5 vs 5 Forward 
   Center                   Left Wing                Right Wing               Time % Phy DF OF 
 1 Jayson Megna             Filip Zadina             Justin Kloos             40     1   2  2  
 2 John Hayden              Kristian Vesalainen      Jack Rodewald            30     1   2  2  
 3 Sheldon Dries            Kieffer Bellows          Keegan Kolesar           20     1   2  2  
 4 Manuel Wiederer          Matt Fonteyne            Nicolas Aube-Kubel       10     1   2  2  

5 vs 5 Defense 
   Defense                  Defense                                           Time % Phy DF OF 
 1 Dylan McIlrath           Tyler Wotherspoon                                 40     1   2  2  
 2 Rasmus Sandin            Lucas Carlsson                                    30     1   2  2  
 3 Colby Williams           Hunter Warner                                     20     1   2  2  
 4 Dylan McIlrath           Tyler Wotherspoon                                 10     1   2  2  

PowerPlay Forward 
   Center                   Left Wing                Right Wing               Time % Phy DF OF 
 1 Jayson Megna             Filip Zadina             Justin Kloos             60     1   2  2  
 2 John Hayden              Kristian Vesalainen      Jack Rodewald            40     1   2  2  

PowerPlay Defense
   Defense                  Defense                                           Time % Phy DF OF 
 1 Dylan McIlrath           Tyler Wotherspoon                                 60     1   2  2  
 2 Rasmus Sandin            Lucas Carlsson                                    40     1   2  2  

Penalty Kill 4 Players Forward 
   Center                   Wing                     Time % Phy DF OF 
 1 Jayson Megna             Justin Kloos             60     1   2  2  
 2 Filip Zadina             Jack Rodewald            40     1   2  2  

Penalty Kill 4 Players Defense
   Defense                  Defense                  Time % Phy DF OF 
 1 Dylan McIlrath           Tyler Wotherspoon        60     1   2  2  
 2 Rasmus Sandin            Lucas Carlsson           40     1   2  2  

Penalty Kill - 3 Players Forward 
   Forward                                           Time % Phy DF OF 
 1 Jayson Megna                                      60     1   2  2  
 2 Justin Kloos                                      40     1   2  2  

Penalty Kill - 3 Players Defense
   Defense                  Defense                  Time % Phy DF OF 
 1 Dylan McIlrath           Tyler Wotherspoon        60     1   2  2  
 2 Rasmus Sandin            Lucas Carlsson           40     1   2  2  

4 vs 4 Forward 
   Center                   Wing                     Time % Phy DF OF 
 1 Jayson Megna             Justin Kloos             60     1   2  2  
 2 Filip Zadina             Jack Rodewald            40     1   2  2  

4 vs 4 Defense
   Defense                  Defense                  Time % Phy DF OF 
 1 Dylan McIlrath           Tyler Wotherspoon        60     1   2  2  
 2 Rasmus Sandin            Lucas Carlsson           40     1   2  2  

Last Minutes Offensive
   Center                   Left Wing                Right Wing               Defense                  Defense                  
   Jayson Megna             Filip Zadina             Justin Kloos             Dylan McIlrath           Tyler Wotherspoon        

Last Minutes Defensive
   Center                   Left Wing                Right Wing               Defense                  Defense                  
   Jayson Megna             Filip Zadina             Justin Kloos             Dylan McIlrath           Tyler Wotherspoon        

Goaltenders
Starting : Unknown Goalie           
Backup : Unknown Goalie           

Extra Forwards
Normal : Skyler McKenzie, Sheldon Dries, Keegan Kolesar - PP : Skyler McKenzie, Sheldon Dries - PK : Keegan Kolesar
Extra Defensemen
Normal : Colby Williams, Hunter Warner, Rasmus Sandin - PP : Colby Williams - PK : Hunter Warner, Rasmus Sandin
Penalty Shots
Jayson Megna, Justin Kloos, Filip Zadina, Jack Rodewald, Kristian Vesalainen

Scratches
Noah Juulsen (Healthy), Andy Andreoff (Healthy), Matthew Spencer (Healthy), Brian Pinho (Healthy), Ethan Prow (Healthy)
Caleb Herbert (Healthy), Brandon Halverson (Healthy), Philippe Desrosiers (Healthy)

Boisbriand Armada

5 vs 5 Forward 
   Center                   Left Wing                Right Wing               Time % Phy DF OF 
 1 Taylor Raddysh           Mathieu Joseph           Adam Erne                40     1   2  2  
 2 Alex Barre-Boulet        Maxime Comtois           Otto Koivula             30     1   2  2  
 3 Anthony Richard          Alexandre Fortin         Julien Gauthier          20     1   2  2  
 4 Mathieu Joseph           Samuel Blais             Charles Hudon            10     1   2  2  

5 vs 5 Defense 
   Defense                  Defense                                           Time % Phy DF OF 
 1 John Gilmour             Chris Wideman                                     40     1   2  2  
 2 Haydn Fleury             Jeremy Lauzon                                     30     1   2  2  
 3 Jarred Tinordi           Ethan Bear                                        20     1   2  2  
 4 John Gilmour             Chris Wideman                                     10     1   2  2  

PowerPlay Forward 
   Center                   Left Wing                Right Wing               Time % Phy DF OF 
 1 Taylor Raddysh           Mathieu Joseph           Adam Erne                60     1   2  2  
 2 Alex Barre-Boulet        Maxime Comtois           Otto Koivula             40     1   2  2  

PowerPlay Defense
   Defense                  Defense                                           Time % Phy DF OF 
 1 John Gilmour             Chris Wideman                                     60     1   2  2  
 2 Haydn Fleury             Jeremy Lauzon                                     40     1   2  2  

Penalty Kill 4 Players Forward 
   Center                   Wing                     Time % Phy DF OF 
 1 Mathieu Joseph           Maxime Comtois           60     1   2  2  
 2 Adam Erne                Taylor Raddysh           40     1   2  2  

Penalty Kill 4 Players Defense
   Defense                  Defense                  Time % Phy DF OF 
 1 John Gilmour             Chris Wideman            60     1   2  2  
 2 Haydn Fleury             Jeremy Lauzon            40     1   2  2  

Penalty Kill - 3 Players Forward 
   Forward                                           Time % Phy DF OF 
 1 Mathieu Joseph                                    60     1   2  2  
 2 Maxime Comtois                                    40     1   2  2  

Penalty Kill - 3 Players Defense
   Defense                  Defense                  Time % Phy DF OF 
 1 John Gilmour             Chris Wideman            60     1   2  2  
 2 Haydn Fleury             Jeremy Lauzon            40     1   2  2  

4 vs 4 Forward 
   Center                   Wing                     Time % Phy DF OF 
 1 Mathieu Joseph           Maxime Comtois           60     1   2  2  
 2 Adam Erne                Taylor Raddysh           40     1   2  2  

4 vs 4 Defense
   Defense                  Defense                  Time % Phy DF OF 
 1 John Gilmour             Chris Wideman            60     1   2  2  
 2 Haydn Fleury             Jeremy Lauzon            40     1   2  2  

Last Minutes Offensive
   Center                   Left Wing                Right Wing               Defense                  Defense                  
   Taylor Raddysh           Mathieu Joseph           Adam Erne                John Gilmour             Chris Wideman            

Last Minutes Defensive
   Center                   Left Wing                Right Wing               Defense                  Defense                  
   Taylor Raddysh           Mathieu Joseph           Adam Erne                John Gilmour             Chris Wideman            

Goaltenders
Starting : Collin Delia             
Backup : Unknown Goalie           

Extra Forwards
Normal : Max Jones, Alexandre Fortin, Julien Gauthier - PP : Max Jones, Alexandre Fortin - PK : Julien Gauthier
Extra Defensemen
Normal : Jarred Tinordi, Ethan Bear, Haydn Fleury - PP : Jarred Tinordi - PK : Ethan Bear, Haydn Fleury
Penalty Shots
Mathieu Joseph, Maxime Comtois, Adam Erne, Taylor Raddysh, Otto Koivula

Scratches
Daniel Audette (Healthy), Wade Megan (Healthy), Dominic Turgeon (Healthy), Carsen Twarynski (Healthy), Jakob Forsbacka Karlsson (Healthy)
Jimmy Oligny (Healthy), Cameron Hebig (Healthy), Gabriel Gagne (Healthy), Travis Barron (Healthy), Jean-Christophe Beaudin (Healthy)
Olivier Archambault (Healthy), Ondrej Vala (Healthy), Grant Besse (Healthy)

% Time on Ice - London Knights

Lines # - Real PCT - Wanted PCT - Time Play
Normal Forward
1 - 32% - 40% - 14:54
2 - 29% - 30% - 13:43
3 - 19% - 20% - 9:03
4 - 20% - 10% - 9:28
Normal Defense
1 - 39% - 40% - 18:31
2 - 33% - 30% - 15:34
3 - 23% - 20% - 10:40
4 - 5% - 10% - 2:23
PP Forward
1 - 63% - 60% - 3:01
2 - 37% - 40% - 1:48
PP Defense
1 - 70% - 60% - 3:22
2 - 30% - 40% - 1:27
PK Forward
1 - 70% - 60% - 5:38
2 - 30% - 40% - 2:25
PK Defense
1 - 52% - 60% - 4:10
2 - 48% - 40% - 3:53
PK3 Forward
1 - 0% - 60%
2 - 0% - 40%
PK3 Defense
1 - 0% - 60%
2 - 0% - 40%
44 Forward
1 - 0% - 60%
2 - 0% - 40%
44 Defense
1 - 0% - 60%
2 - 0% - 40%
Last Minute Offensive  - 0:00
Last Minute Defensive  - 0:00
Total
Forward - 60:00
Defense - 60:00

% Time on Ice - Boisbriand Armada

Lines # - Real PCT - Wanted PCT - Time Play
Normal Forward
1 - 29% - 40% - 13:41
2 - 32% - 30% - 15:09
3 - 28% - 20% - 12:59
4 - 11% - 10% - 5:19
Normal Defense
1 - 36% - 40% - 16:56
2 - 36% - 30% - 16:49
3 - 26% - 20% - 12:11
4 - 3% - 10% - 1:12
PP Forward
1 - 55% - 60% - 4:25
2 - 45% - 40% - 3:38
PP Defense
1 - 66% - 60% - 5:18
2 - 34% - 40% - 2:45
PK Forward
1 - 73% - 60% - 3:31
2 - 27% - 40% - 1:18
PK Defense
1 - 67% - 60% - 3:13
2 - 33% - 40% - 1:36
PK3 Forward
1 - 0% - 60%
2 - 0% - 40%
PK3 Defense
1 - 0% - 60%
2 - 0% - 40%
44 Forward
1 - 0% - 60%
2 - 0% - 40%
44 Defense
1 - 0% - 60%
2 - 0% - 40%
Last Minute Offensive  - 0:00
Last Minute Defensive  - 0:00
Total
Forward - 60:00
Defense - 60:00

Play-by-Play

1st period


0:01 of 1st period - Taylor Raddysh wins face-off versus Filip Zadina in neutral zone.
0:16 of 1st period - Mathieu Joseph is hit by Justin Kloos and loses puck.
0:56 of 1st period - Snap shot by Alexandre Fortin.
0:56 of 1st period - Stopped by Unknown Goalie with a rebound.
0:58 of 1st period - Slapshot by Jarred Tinordi.
0:58 of 1st period - Deflect By Lucas Carlsson.
0:58 of 1st period - Stopped by Unknown Goalie with a rebound.
1:16 of 1st period - Wrist shot by Nicolas Aube-Kubel.
1:16 of 1st period - Shot Misses the Net.
1:18 of 1st period - Snap shot by Manuel Wiederer.
1:18 of 1st period - Shot Blocked by Ethan Bear.
1:30 of 1st period - Wrist shot by Justin Kloos.
1:30 of 1st period - Shot Misses the Net.
1:32 of 1st period - Slapshot by Jayson Megna.
1:32 of 1st period - Stopped by Collin Delia without a rebound.
1:33 of 1st period - Alex Barre-Boulet wins face-off versus John Hayden in Boisbriand Armada zone.
1:48 of 1st period - Slapshot by Jack Rodewald.
1:48 of 1st period - Deflect By Kristian Vesalainen.
1:48 of 1st period - Stopped by Collin Delia with a rebound.
2:00 of 1st period - John Gilmour is hit by Dylan McIlrath and loses puck.
2:48 of 1st period - Snap shot by Mathieu Joseph.
2:48 of 1st period - Stopped by Unknown Goalie without a rebound.
2:49 of 1st period - Jayson Megna wins face-off versus Mathieu Joseph in London Knights zone.
2:58 of 1st period - Snap shot by Jayson Megna.
2:58 of 1st period - Shot Misses the Net.
3:00 of 1st period - Snap shot by Jayson Megna.
3:00 of 1st period - Stopped by Collin Delia without a rebound.
3:01 of 1st period - John Hayden wins face-off versus Maxime Comtois in Boisbriand Armada zone.
3:04 of 1st period - Snap shot by Jack Rodewald.
3:04 of 1st period - Stopped by Collin Delia with a rebound.
3:06 of 1st period - Slapshot by Tyler Wotherspoon.
3:06 of 1st period - Shot Misses the Net.
3:16 of 1st period - Wrist shot by Jack Rodewald.
3:16 of 1st period - Shot Misses the Net.
3:31 of 1st period - Wrist shot by Mathieu Joseph.
3:31 of 1st period - Shot Blocked by Dylan McIlrath.
3:45 of 1st period - Wrist shot by Julien Gauthier.
3:45 of 1st period - Stopped by Unknown Goalie with a rebound.
3:47 of 1st period - Snap shot by Jeremy Lauzon.
3:47 of 1st period - Shot Misses the Net.
3:53 of 1st period - Wrist shot by Julien Gauthier.
3:53 of 1st period - Deflect By Alexandre Fortin.
3:53 of 1st period - Shot Misses the Net.
3:53 of 1st period - Puck is out of play.
3:54 of 1st period - Taylor Raddysh wins face-off versus John Hayden in London Knights zone.
4:06 of 1st period - Slapshot by Jack Rodewald.
4:06 of 1st period - Shot Misses the Net.
5:13 of 1st period - Wrist shot by Nicolas Aube-Kubel.
5:13 of 1st period - Stopped by Collin Delia without a rebound.
5:14 of 1st period - Alex Barre-Boulet wins face-off versus Jayson Megna in Boisbriand Armada zone.
5:19 of 1st period - Snap shot by Alex Barre-Boulet.
5:19 of 1st period - Stopped by Unknown Goalie with a rebound.
5:21 of 1st period - Snap shot by Maxime Comtois.
5:21 of 1st period - Stopped by Unknown Goalie with a rebound.
5:23 of 1st period - Wrist shot by Otto Koivula.
5:23 of 1st period - Shot Misses the Net.
5:25 of 1st period - Wrist shot by Otto Koivula.
5:25 of 1st period - Stopped by Unknown Goalie with a rebound.
5:39 of 1st period - Adam Erne is hit by Lucas Carlsson and loses puck.
6:07 of 1st period - Lucas Carlsson is hit by Julien Gauthier and loses puck.
6:28 of 1st period - Wrist shot by Manuel Wiederer.
6:28 of 1st period - Deflect By Nicolas Aube-Kubel.
6:28 of 1st period - Stopped by Collin Delia with a rebound.
6:30 of 1st period - Slapshot by Lucas Carlsson.
6:30 of 1st period - Deflect By Otto Koivula.
6:30 of 1st period - Stopped by Collin Delia without a rebound.
6:31 of 1st period - Taylor Raddysh wins face-off versus Jayson Megna in Boisbriand Armada zone.
6:39 of 1st period - Minor Penalty to John Gilmour for Roughing.
6:40 of 1st period - Jayson Megna wins face-off versus Mathieu Joseph in Boisbriand Armada zone.
6:40 of 1st period - Snap shot by Filip Zadina.
6:40 of 1st period - Stopped by Collin Delia with a rebound.
8:17 of 1st period - John Hayden is hit by Mathieu Joseph and loses puck.
8:34 of 1st period - Tyler Wotherspoon is hit by Ethan Bear and loses puck.
8:39 of 1st period - Penalty to John Gilmour is over, John Gilmour is back on ice.
8:47 of 1st period - Snap shot by Nicolas Aube-Kubel.
8:47 of 1st period - Deflect By Manuel Wiederer.
8:47 of 1st period - Stopped by Collin Delia without a rebound.
8:48 of 1st period - Taylor Raddysh wins face-off versus Manuel Wiederer in Boisbriand Armada zone.
8:48 of 1st period - Taylor Raddysh is hit by Nicolas Aube-Kubel.
9:45 of 1st period - Wrist shot by Jayson Megna.
9:45 of 1st period - Stopped by Collin Delia without a rebound.
9:46 of 1st period - John Hayden wins face-off versus Taylor Raddysh in Boisbriand Armada zone.
9:47 of 1st period - Wrist shot by Kristian Vesalainen.
9:47 of 1st period - Shot Misses the Net.
10:08 of 1st period - Icing by John Hayden.
10:09 of 1st period - Alex Barre-Boulet wins face-off versus John Hayden in London Knights zone.
10:10 of 1st period - Snap shot by Maxime Comtois.
10:10 of 1st period - Shot Misses the Net.
10:16 of 1st period - Jeremy Lauzon is hit by Kristian Vesalainen and loses puck.
10:53 of 1st period - Haydn Fleury is hit by Tyler Wotherspoon and loses puck.
11:38 of 1st period - Snap shot by Jack Rodewald.
11:38 of 1st period - Shot Blocked by Jeremy Lauzon.
11:43 of 1st period - Minor Penalty to Jeremy Lauzon for Slashing.
11:44 of 1st period - Jayson Megna wins face-off versus Adam Erne in Boisbriand Armada zone.
11:44 of 1st period - Snap shot by Justin Kloos.
11:44 of 1st period - Stopped by Collin Delia with a rebound.
11:46 of 1st period - Snap shot by Justin Kloos.
11:46 of 1st period - Shot Misses the Net.
11:48 of 1st period - Snap shot by Jayson Megna.
11:48 of 1st period - Stopped by Collin Delia with a rebound.
11:50 of 1st period - Snap shot by Filip Zadina.
11:50 of 1st period - Shot Misses the Net.
11:52 of 1st period - Snap shot by Jayson Megna.
11:52 of 1st period - Goal by Jayson Megna - London Knights : 1 - Boisbriand Armada : 0.
11:53 of 1st period - Jayson Megna wins face-off versus Taylor Raddysh in neutral zone.
12:00 of 1st period - Backhand shot by Taylor Raddysh.
12:00 of 1st period - Stopped by Unknown Goalie with a rebound.
12:06 of 1st period - Slapshot by Adam Erne.
12:06 of 1st period - Shot Misses the Net.
12:08 of 1st period - Wrist shot by Adam Erne.
12:08 of 1st period - Shot Misses the Net.
13:58 of 1st period - Jack Rodewald is hit by John Gilmour and loses puck.
14:12 of 1st period - Off-side.
14:13 of 1st period - Anthony Richard wins face-off versus Jayson Megna in neutral zone.
15:13 of 1st period - Snap shot by Alex Barre-Boulet.
15:13 of 1st period - Stopped by Unknown Goalie with a rebound.
15:15 of 1st period - Snap shot by Otto Koivula.
15:15 of 1st period - Shot Blocked by Dylan McIlrath.
15:17 of 1st period - Wrist shot by Maxime Comtois.
15:17 of 1st period - Shot Blocked by Nicolas Aube-Kubel.
15:19 of 1st period - Slapshot by Alex Barre-Boulet.
15:19 of 1st period - Shot Misses the Net.
15:21 of 1st period - Slapshot by Ethan Bear.
15:21 of 1st period - Deflect By Otto Koivula.
15:21 of 1st period - Stopped by Unknown Goalie with a rebound.
15:23 of 1st period - Snap shot by Maxime Comtois.
15:23 of 1st period - Shot Misses the Net.
15:25 of 1st period - Wrist shot by Maxime Comtois.
15:25 of 1st period - Stopped by Unknown Goalie with a rebound.
15:27 of 1st period - Wrist shot by Ethan Bear.
15:27 of 1st period - Deflect By Tyler Wotherspoon.
15:27 of 1st period - Stopped by Unknown Goalie with a rebound.
15:29 of 1st period - Slapshot by Maxime Comtois.
15:29 of 1st period - Stopped by Unknown Goalie with a rebound.
15:31 of 1st period - Slapshot by Jarred Tinordi.
15:31 of 1st period - Deflect By Dylan McIlrath.
15:31 of 1st period - Stopped by Unknown Goalie with a rebound.
15:33 of 1st period - Snap shot by Maxime Comtois.
15:33 of 1st period - Goal by Maxime Comtois - London Knights : 1 - Boisbriand Armada : 1.
15:34 of 1st period - Taylor Raddysh wins face-off versus Jayson Megna in neutral zone.
15:37 of 1st period - Filip Zadina is hit by Adam Erne and loses puck.
15:50 of 1st period - Wrist shot by Filip Zadina.
15:50 of 1st period - Stopped by Collin Delia with a rebound.
16:08 of 1st period - Snap shot by Kristian Vesalainen.
16:08 of 1st period - Deflect By John Hayden.
16:08 of 1st period - Stopped by Collin Delia with a rebound.
16:10 of 1st period - Snap shot by John Hayden.
16:10 of 1st period - Stopped by Collin Delia without a rebound.
16:11 of 1st period - Jayson Megna wins face-off versus Taylor Raddysh in Boisbriand Armada zone.
16:14 of 1st period - Snap shot by Justin Kloos.
16:14 of 1st period - Stopped by Collin Delia without a rebound.
16:15 of 1st period - Taylor Raddysh wins face-off versus Jayson Megna in Boisbriand Armada zone.
16:15 of 1st period - Taylor Raddysh is hit by Filip Zadina.
16:43 of 1st period - Snap shot by Alex Barre-Boulet.
16:43 of 1st period - Shot Misses the Net.
16:45 of 1st period - Snap shot by Haydn Fleury.
16:45 of 1st period - Shot Misses the Net.
16:47 of 1st period - Snap shot by Otto Koivula.
16:47 of 1st period - Deflect By Maxime Comtois.
16:47 of 1st period - Stopped by Unknown Goalie with a rebound.
16:49 of 1st period - Snap shot by Alex Barre-Boulet.
16:49 of 1st period - Shot Misses the Net.
16:51 of 1st period - Slapshot by Haydn Fleury.
16:51 of 1st period - Stopped by Unknown Goalie with a rebound.
16:53 of 1st period - Slapshot by Jeremy Lauzon.
16:53 of 1st period - Stopped by Unknown Goalie with a rebound.
16:59 of 1st period - Minor Penalty to Dylan McIlrath for Interference.
17:00 of 1st period - Taylor Raddysh wins face-off versus Jayson Megna in London Knights zone.
17:44 of 1st period - Filip Zadina is hit by Adam Erne and loses puck.
17:55 of 1st period - Wrist shot by Maxime Comtois.
17:55 of 1st period - Stopped by Unknown Goalie with a rebound.
17:57 of 1st period - Slapshot by Jeremy Lauzon.
17:57 of 1st period - Shot Blocked by Lucas Carlsson.
18:52 of 1st period - Snap shot by Keegan Kolesar.
18:52 of 1st period - Shot Misses the Net.
18:59 of 1st period - Penalty to Dylan McIlrath is over, Dylan McIlrath is back on ice.
19:14 of 1st period - Matt Fonteyne is hit by Jeremy Lauzon and loses puck.
19:29 of 1st period - Samuel Blais is hit by Jack Rodewald and loses puck.
19:46 of 1st period - Icing by Colby Williams.
19:47 of 1st period - Sheldon Dries wins face-off versus Anthony Richard in London Knights zone.
19:59 of 1st period - Off-side.
Goals for this period are 1 for London Knights vs 1 for Boisbriand Armada.
Shots for this period are 17 for London Knights vs 19 for Boisbriand Armada.

2nd period


0:01 of 2nd period - Taylor Raddysh wins face-off versus Jayson Megna in neutral zone.
0:32 of 2nd period - Alexandre Fortin is hit by Dylan McIlrath and loses puck.
1:40 of 2nd period - Snap shot by Kristian Vesalainen.
1:40 of 2nd period - Shot Misses the Net.
2:13 of 2nd period - Icing by Ethan Bear.
2:14 of 2nd period - Anthony Richard wins face-off versus Jayson Megna in Boisbriand Armada zone.
2:53 of 2nd period - John Gilmour is hit by John Hayden and loses puck.
3:10 of 2nd period - Slapshot by Kristian Vesalainen.
3:10 of 2nd period - Deflect By Mathieu Joseph.
3:10 of 2nd period - Shot Blocked by Chris Wideman.
3:10 of 2nd period - Puck is out of play.
3:11 of 2nd period - Alex Barre-Boulet wins face-off versus Jayson Megna in Boisbriand Armada zone.
3:33 of 2nd period - Icing by Otto Koivula.
3:34 of 2nd period - Sheldon Dries wins face-off versus Alex Barre-Boulet in Boisbriand Armada zone.
3:34 of 2nd period - Kieffer Bellows beats up Alex Barre-Boulet.
3:34 of 2nd period - Penalty to Alex Barre-Boulet for Fighting.
3:34 of 2nd period - Penalty to Kieffer Bellows for Fighting.
3:35 of 2nd period - Jayson Megna wins face-off versus Taylor Raddysh in Boisbriand Armada zone.
5:25 of 2nd period - Adam Erne is hit by Hunter Warner and loses puck.
5:34 of 2nd period - Taylor Raddysh is hit by Keegan Kolesar and loses puck.
6:19 of 2nd period - Off-side.
6:20 of 2nd period - Jayson Megna wins face-off versus Max Jones in neutral zone.
6:52 of 2nd period - Slapshot by Alexandre Fortin.
6:52 of 2nd period - Shot Blocked by Tyler Wotherspoon.
6:54 of 2nd period - Slapshot by Alexandre Fortin.
6:54 of 2nd period - Shot Misses the Net.
6:56 of 2nd period - Wrist shot by Julien Gauthier.
6:56 of 2nd period - Shot Misses the Net.
7:00 of 2nd period - Wrist shot by Julien Gauthier.
7:00 of 2nd period - Shot Blocked by Kristian Vesalainen.
7:59 of 2nd period - Wrist shot by John Hayden.
7:59 of 2nd period - Shot Misses the Net.
8:01 of 2nd period - Snap shot by Kristian Vesalainen.
8:01 of 2nd period - Shot Misses the Net.
8:03 of 2nd period - Slapshot by Jack Rodewald.
8:03 of 2nd period - Shot Blocked by Julien Gauthier.
8:05 of 2nd period - Slapshot by John Hayden.
8:05 of 2nd period - Goal by John Hayden - London Knights : 2 - Boisbriand Armada : 1.
8:06 of 2nd period - Jayson Megna wins face-off versus Mathieu Joseph in neutral zone.
8:09 of 2nd period - Adam Erne is hit by Jayson Megna and loses puck.
8:16 of 2nd period - Snap shot by Justin Kloos.
8:16 of 2nd period - Goal by Justin Kloos - London Knights : 3 - Boisbriand Armada : 1.
8:17 of 2nd period - Taylor Raddysh wins face-off versus Jayson Megna in neutral zone.
8:20 of 2nd period - Slapshot by Adam Erne.
8:20 of 2nd period - Shot Blocked by Jayson Megna.
8:25 of 2nd period - Wrist shot by Taylor Raddysh.
8:25 of 2nd period - Goal by Taylor Raddysh - London Knights : 3 - Boisbriand Armada : 2.
8:26 of 2nd period - Adam Erne wins face-off versus Jayson Megna in neutral zone.
8:29 of 2nd period - Slapshot by Chris Wideman.
8:29 of 2nd period - Stopped by Unknown Goalie with a rebound.
8:51 of 2nd period - Filip Zadina is hit by Alexandre Fortin and loses puck.
8:56 of 2nd period - Snap shot by Julien Gauthier.
8:56 of 2nd period - Stopped by Unknown Goalie with a rebound.
8:58 of 2nd period - Snap shot by Alexandre Fortin.
8:58 of 2nd period - Shot Blocked by Filip Zadina.
9:00 of 2nd period - Slapshot by Haydn Fleury.
9:00 of 2nd period - Shot Misses the Net.
9:02 of 2nd period - Snap shot by Julien Gauthier.
9:02 of 2nd period - Deflect By Anthony Richard.
9:02 of 2nd period - Stopped by Unknown Goalie with a rebound.
9:44 of 2nd period - Snap shot by Sheldon Dries.
9:44 of 2nd period - Shot Misses the Net.
9:46 of 2nd period - Slapshot by Dylan McIlrath.
9:46 of 2nd period - Shot Misses the Net.
10:02 of 2nd period - Wrist shot by Alexandre Fortin.
10:02 of 2nd period - Shot Blocked by Rasmus Sandin.
10:04 of 2nd period - Snap shot by Anthony Richard.
10:04 of 2nd period - Stopped by Unknown Goalie with a rebound.
10:06 of 2nd period - Snap shot by Alexandre Fortin.
10:06 of 2nd period - Shot Blocked by Lucas Carlsson.
10:08 of 2nd period - Wrist shot by Alexandre Fortin.
10:08 of 2nd period - Stopped by Unknown Goalie without a rebound.
10:09 of 2nd period - Otto Koivula wins face-off versus John Hayden in London Knights zone.
10:15 of 2nd period - Off-side.
10:16 of 2nd period - Alex Barre-Boulet wins face-off versus John Hayden in neutral zone.
10:52 of 2nd period - Snap shot by John Hayden.
10:52 of 2nd period - Stopped by Collin Delia with a rebound.
10:54 of 2nd period - Snap shot by John Hayden.
10:54 of 2nd period - Goal by John Hayden - London Knights : 4 - Boisbriand Armada : 2.
10:55 of 2nd period - Taylor Raddysh wins face-off versus Jayson Megna in neutral zone.
11:19 of 2nd period - Icing by Justin Kloos.
11:20 of 2nd period - Kieffer Bellows wins face-off versus Maxime Comtois in London Knights zone.
11:20 of 2nd period - Kieffer Bellows is hit by Haydn Fleury.
11:28 of 2nd period - Alex Barre-Boulet is hit by Sheldon Dries and loses puck.
11:45 of 2nd period - Lucas Carlsson is hit by Taylor Raddysh and loses puck.
12:34 of 2nd period - Minor Penalty to John Gilmour for Hooking.
12:35 of 2nd period - Jayson Megna wins face-off versus Mathieu Joseph in Boisbriand Armada zone.
12:49 of 2nd period - Wrist shot by Justin Kloos.
12:49 of 2nd period - Stopped by Collin Delia without a rebound.
12:50 of 2nd period - Jayson Megna wins face-off versus Mathieu Joseph in Boisbriand Armada zone.
13:43 of 2nd period - Adam Erne is hit by Kristian Vesalainen and loses puck.
14:01 of 2nd period - Icing by Rasmus Sandin.
14:02 of 2nd period - Mathieu Joseph wins face-off versus John Hayden in London Knights zone.
14:07 of 2nd period - Snap shot by Mathieu Joseph.
14:07 of 2nd period - Deflect By John Hayden.
14:07 of 2nd period - Stopped by Unknown Goalie without a rebound.
14:08 of 2nd period - Mathieu Joseph wins face-off versus Jayson Megna in London Knights zone.
14:17 of 2nd period - Jeremy Lauzon is hit by Jayson Megna.
14:33 of 2nd period - Haydn Fleury is hit by Jack Rodewald and loses puck.
14:34 of 2nd period - Penalty to John Gilmour is over, John Gilmour is back on ice.
14:40 of 2nd period - Wrist shot by Chris Wideman.
14:40 of 2nd period - Stopped by Unknown Goalie with a rebound.
14:42 of 2nd period - Snap shot by John Gilmour.
14:42 of 2nd period - Shot Blocked by Dylan McIlrath.
14:44 of 2nd period - Snap shot by John Gilmour.
14:44 of 2nd period - Stopped by Unknown Goalie without a rebound.
14:45 of 2nd period - Anthony Richard wins face-off versus Jayson Megna in London Knights zone.
14:50 of 2nd period - Wrist shot by Alexandre Fortin.
14:50 of 2nd period - Shot Misses the Net.
15:14 of 2nd period - Minor Penalty to Lucas Carlsson for Hooking.
15:15 of 2nd period - Taylor Raddysh wins face-off versus Jayson Megna in London Knights zone.
15:21 of 2nd period - Snap shot by Taylor Raddysh.
15:21 of 2nd period - Goal by Taylor Raddysh - London Knights : 4 - Boisbriand Armada : 3.
15:22 of 2nd period - Jayson Megna wins face-off versus Taylor Raddysh in neutral zone.
15:43 of 2nd period - Minor Penalty to Chris Wideman for Roughing.
15:44 of 2nd period - Jayson Megna wins face-off versus Mathieu Joseph in Boisbriand Armada zone.
15:45 of 2nd period - Slapshot by Filip Zadina.
15:45 of 2nd period - Stopped by Collin Delia without a rebound.
15:46 of 2nd period - Jayson Megna wins face-off versus Mathieu Joseph in Boisbriand Armada zone.
15:47 of 2nd period - Snap shot by Justin Kloos.
15:47 of 2nd period - Shot Misses the Net.
15:49 of 2nd period - Slapshot by Dylan McIlrath.
15:49 of 2nd period - Shot Misses the Net.
15:51 of 2nd period - Slapshot by Dylan McIlrath.
15:51 of 2nd period - Shot Blocked by Ethan Bear.
15:53 of 2nd period - Snap shot by Justin Kloos.
15:53 of 2nd period - Stopped by Collin Delia with a rebound.
15:55 of 2nd period - Slapshot by Justin Kloos.
15:55 of 2nd period - Goal by Justin Kloos - London Knights : 5 - Boisbriand Armada : 3.
15:56 of 2nd period - Adam Erne wins face-off versus Jayson Megna in neutral zone.
16:01 of 2nd period - Slapshot by John Gilmour.
16:01 of 2nd period - Stopped by Unknown Goalie without a rebound.
16:02 of 2nd period - Taylor Raddysh wins face-off versus Jayson Megna in London Knights zone.
16:17 of 2nd period - Wrist shot by Jayson Megna.
16:17 of 2nd period - Shot Blocked by John Gilmour.
16:29 of 2nd period - Kristian Vesalainen is hit by Maxime Comtois and loses puck.
16:36 of 2nd period - Wrist shot by Alex Barre-Boulet.
16:36 of 2nd period - Shot Hit the Post.
16:38 of 2nd period - Snap shot by Otto Koivula.
16:38 of 2nd period - Stopped by Unknown Goalie without a rebound.
16:39 of 2nd period - Jayson Megna wins face-off versus Taylor Raddysh in London Knights zone.
17:24 of 2nd period - Wrist shot by Alexandre Fortin.
17:24 of 2nd period - Stopped by Unknown Goalie with a rebound.
17:26 of 2nd period - Wrist shot by Anthony Richard.
17:26 of 2nd period - Stopped by Unknown Goalie without a rebound.
17:27 of 2nd period - Julien Gauthier wins face-off versus Sheldon Dries in London Knights zone.
17:52 of 2nd period - Wrist shot by Alexandre Fortin.
17:52 of 2nd period - Shot Misses the Net.
17:54 of 2nd period - Snap shot by John Gilmour.
17:54 of 2nd period - Deflect By Alexandre Fortin.
17:54 of 2nd period - Goal by Alexandre Fortin - London Knights : 5 - Boisbriand Armada : 4.
17:55 of 2nd period - Taylor Raddysh wins face-off versus Jayson Megna in neutral zone.
17:55 of 2nd period - John Gilmour is hit by Rasmus Sandin and loses puck.
18:26 of 2nd period - Off-side.
18:27 of 2nd period - John Hayden wins face-off versus Alex Barre-Boulet in neutral zone.
18:30 of 2nd period - Maxime Comtois is hit by Kristian Vesalainen.
19:02 of 2nd period - Backhand shot by Filip Zadina.
19:02 of 2nd period - Stopped by Collin Delia with a rebound.
19:36 of 2nd period - Snap shot by Anthony Richard.
19:36 of 2nd period - Shot Misses the Net.
Goals for this period are 4 for London Knights vs 3 for Boisbriand Armada.
Shots for this period are 9 for London Knights vs 15 for Boisbriand Armada.

3rd period


0:01 of 3rd period - Jayson Megna wins face-off versus Taylor Raddysh in neutral zone.
0:15 of 3rd period - Minor Penalty to Chris Wideman for Tripping.
0:16 of 3rd period - Jayson Megna wins face-off versus Mathieu Joseph in Boisbriand Armada zone.
0:29 of 3rd period - Off-side.
0:30 of 3rd period - Justin Kloos wins face-off versus Mathieu Joseph in neutral zone.
0:39 of 3rd period - Wrist shot by Filip Zadina.
0:39 of 3rd period - Shot Misses the Net.
0:41 of 3rd period - Slapshot by Dylan McIlrath.
0:41 of 3rd period - Shot Blocked by Mathieu Joseph.
0:43 of 3rd period - Snap shot by Filip Zadina.
0:43 of 3rd period - Stopped by Collin Delia with a rebound.
0:45 of 3rd period - Snap shot by Tyler Wotherspoon.
0:45 of 3rd period - Goal by Tyler Wotherspoon - London Knights : 6 - Boisbriand Armada : 4.
0:45 of 3rd period - Unknown Goalie enters game.
0:46 of 3rd period - Taylor Raddysh wins face-off versus Justin Kloos in neutral zone.
1:41 of 3rd period - Snap shot by Maxime Comtois.
1:41 of 3rd period - Shot Blocked by Kristian Vesalainen.
1:43 of 3rd period - Snap shot by Alex Barre-Boulet.
1:43 of 3rd period - Stopped by Unknown Goalie with a rebound.
1:59 of 3rd period - Snap shot by Jayson Megna.
1:59 of 3rd period - Stopped by Unknown Goalie without a rebound.
2:00 of 3rd period - Alex Barre-Boulet wins face-off versus Jayson Megna in Boisbriand Armada zone.
2:09 of 3rd period - Snap shot by Filip Zadina.
2:09 of 3rd period - Shot Blocked by Jarred Tinordi.
2:11 of 3rd period - Slapshot by Jayson Megna.
2:11 of 3rd period - Stopped by Unknown Goalie without a rebound.
2:12 of 3rd period - Jayson Megna wins face-off versus Taylor Raddysh in Boisbriand Armada zone.
2:37 of 3rd period - Mathieu Joseph is hit by Dylan McIlrath and loses puck.
2:42 of 3rd period - Slapshot by Sheldon Dries.
2:42 of 3rd period - Shot Misses the Net.
2:44 of 3rd period - Snap shot by Sheldon Dries.
2:44 of 3rd period - Shot Misses the Net.
2:46 of 3rd period - Slapshot by Colby Williams.
2:46 of 3rd period - Stopped by Unknown Goalie with a rebound.
2:48 of 3rd period - Snap shot by Sheldon Dries.
2:48 of 3rd period - Shot Misses the Net.
2:50 of 3rd period - Backhand shot by Colby Williams.
2:50 of 3rd period - Deflect By Adam Erne.
2:50 of 3rd period - Stopped by Unknown Goalie with a rebound.
3:28 of 3rd period - Wrist shot by Nicolas Aube-Kubel.
3:28 of 3rd period - Deflect By Manuel Wiederer.
3:28 of 3rd period - Stopped by Unknown Goalie with a rebound.
3:42 of 3rd period - Justin Kloos is hit by Alex Barre-Boulet and loses puck.
3:49 of 3rd period - Minor Penalty to Rasmus Sandin for Hooking.
3:50 of 3rd period - Taylor Raddysh wins face-off versus Jayson Megna in London Knights zone.
4:34 of 3rd period - Jack Rodewald is hit by Taylor Raddysh and loses puck.
5:49 of 3rd period - Penalty to Rasmus Sandin is over, Rasmus Sandin is back on ice.
5:59 of 3rd period - Snap shot by Manuel Wiederer.
5:59 of 3rd period - Stopped by Unknown Goalie without a rebound.
6:00 of 3rd period - Anthony Richard wins face-off versus Manuel Wiederer in Boisbriand Armada zone.
6:17 of 3rd period - Julien Gauthier is hit by Dylan McIl